 Dungeon Crawl Stone Soup version 0.28-a0-723-g095bd1b44f (webtiles) character file.

Game seed: 17341819322841707217

25 ytrimaz the Grave Robber (level 2, 0/20 HPs)
             Began as a Demonspawn Necromancer on Oct 25, 2021.
             Slain by a gnoll (10 damage)
             ... on level 1 of the Dungeon.
             The game lasted 00:01:14 (1098 turns).

ytrimaz the Grave Robber (Demonspawn Necromancer)   Turns: 1098, Time: 00:01:15

Health: 0/20       AC:  2    Str:  8    XL:     2   Next: 82%
Magic:  1/5        EV: 12    Int: 16    God:
Gold:   24         SH:  0    Dex: 13    Spells: 4/5 levels left

rFire   . . .      SeeInvis .   b - staff of poison
rCold   . . .      Faith    .   (no shield)
rNeg    . . .      Spirit   .   a - +0 robe
rPois   +          Reflect  .   (no helmet)
rElec   .          Harm     .   (no cloak)
rCorr   .          Rampage  .   (no gloves)
Will    .....                   (no boots)
Stlth   ++........              (no amulet)
HPRegen 0.06/turn               (no ring)
MPRegen 0.09/turn               (no ring)

@: no status effects
A: demonic magic 1
a: no special abilities


You were on level 1 of the Dungeon.
You visited 1 branch of the dungeon, and saw 1 of its levels.

You collected 24 gold pieces.

Inventory:

Armour
 a - a +0 robe (worn)
Magical Staves
 b - a staff of poison (weapon)
Scrolls
 c - a scroll of vulnerability {unknown}


   Skills:
 * Level 0.8 Fighting
 - Level 1.7 Dodging
 - Level 1.7 Stealth
 * Level 2.4 Spellcasting
 + Level 4.9 Necromancy


You had 4 spell levels left.
You knew the following spells:

 Your Spells              Type           Power      Damage    Failure   Level
a - Pain                  Necr           68%        1d7       2%          1

Your spell library contained the following spells:

 Spells                   Type           Power      Damage    Failure   Level
 Animate Skeleton         Necr           34%        N/A       2%          1
 Vampiric Draining        Necr           8%         2d7       8%          3
 Animate Dead             Necr           8%         N/A       26%         4
 Agony                    Necr           17%        N/A       58%         5


Dungeon Overview and Level Annotations

Branches:
Dungeon (1/15)

Altars:


Innate Abilities, Weirdness & Mutations

Spells you cast may paralyse adjacent enemies.


Message History

An endoplasm comes into view.
An endoplasm is nearby!
An endoplasm is nearby!
You can't see any susceptible monsters within range! (Use Z to cast anyway.)
You can't see any susceptible monsters within range! (Use Z to cast anyway.)
You can't see any susceptible monsters within range! (Use Z to cast anyway.)
The endoplasm quivers.
The endoplasm writhes in agony.
Malevolent energies surge around you.
The endoplasm writhes in agony!
You kill the endoplasm!
Malevolent energies surge around you.
You can't see any susceptible monsters within range! (Use Z to cast anyway.)
You can't see any susceptible monsters within range! (Use Z to cast anyway.)
You see here 10 stones.
c - a scroll labelled OPEZXO SEFIU A kobold comes into view.
It is wielding a +0 dagger.
Found a scroll labelled GAUSSU ISUUQ.
A kobold is nearby!
A kobold is nearby!
A frilled lizard comes into view.
The frilled lizard hisses angrily.
The frilled lizard writhes in agony.
You kill the frilled lizard!
Malevolent energies surge around you.
You hear a shout!
The kobold shouts!
The kobold barely resists.
Malevolent energies surge around you.
A gnoll comes into view. It is wielding a +0 flail.
A quokka comes into view.
The kobold writhes in agony.
You kill the kobold!
Malevolent energies surge around you.
The quokka barely resists.
Malevolent energies surge around you. The quokka barely misses you.
The gnoll writhes in agony.
Malevolent energies surge around you.
The quokka suddenly stops moving!
The gnoll hits you with a +0 flail.
You are too injured to fight recklessly!
You see here a scroll labelled GAUSSU ISUUQ.
The gnoll hits you with a +0 flail!
Ouch! That really hurt!
You die...

#######.#.# #.#
#######.#.# #. .....##.#.#
... ##.#.##.# ...
..###...# ... .## ##.## #
#. ... ..###.## .# #..
#.## .#.#.####.#
#.####.#.###. .##.......
###..@..#......
........####.....g§...#
..≈≈≈≈...##...≈≈§§§.r##
.≈.≈≈≈≈......§§§§§≈§.#####
.≈≈><≈≈.....§≈§§§§§.#..†.#
.≈≈≈≈≈≈.....§§§≈≈§§..###.#
..≈≈≈≈..####.§≈≈≈§§..#
#......## ##......#.#
####...# #.....##.#


You could see a gnoll and a quokka (paralysed).

Vanquished Creatures
  A dart slug (D:1)
  A bat (D:1)
  3 endoplasms (D:1)
  2 giant cockroaches (D:1)
  A goblin (D:1)
  2 hobgoblins (D:1)
  3 jackals (D:1)
  2 kobolds (D:1)
  2 ball pythons (D:1)
  2 frilled lizards (D:1)
  A rat (D:1)
20 creatures vanquished.

Notes
Turn   | Place    | Note
-------+----------+-------------------------------------------
     0 | D:1      | ytrimaz the Demonspawn Necromancer began the quest for the
                  | Orb.
     0 | D:1      | Reached XP level 1. HP: 13/13 MP: 3/3
   492 | D:1      | Gained mutation: Spells you cast may paralyse adjacent
                  | enemies. [demonic ancestry]
   492 | D:1      | Reached XP level 2. HP: 17/20 MP: 0/5
  1098 | D:1      | Slain by a gnoll

Illustrated notes

Levels and vault maps discovered:
D:1:      dpeg_arrival_pits, layout_loops_ring, patterned_corridor

Action                   || total
-------------------------++-------
Melee: Staff             ||     8
 Cast: Pain              ||    38
Armor: Robe              ||     1
Dodge: Dodged            ||    15

Table legend: (Time is in decaauts)
 A = Elapsed time spent in this place.
 B = Non-inter-level travel time spent in this place.
 C = Inter-level travel time spent in this place.
 D = Time resting spent in this place.
 E = Time spent auto-exploring this place.
 F = Levels seen in this place.
 G = Mean time per level.
                   A        B        C        D        E       F      G
               +--------+--------+--------+--------+--------+-----+--------+
         Total |   1099 |   1099 |      0 |    281 |    694 |   1 | 1099.0 |
       Dungeon |   1099 |   1099 |      0 |    281 |    694 |   1 | 1099.0 |
               +--------+--------+--------+--------+--------+-----+--------+

Top non-repeatable levels by time:
     D:1: 1099 daAuts
